AoeStats
← 心念无我

Oasis

509621516Analyzed
3v3 RM · 6d ago on Sep 27, 2026· 27m 57s· 6 players
Game mode
Random Map
Map size
Normal (6 player)
Population
200
Speed
Normal
Resources
Standard
Victory
Conquest
Starting age
Dark Age
Ending age
Imperial Age
RankedLock teamsTeams togetherTeam positionsShared explorationLock speedFull tech treeHidden civsTurbo modeCheats
Victory
Defeat
🇨🇳 Franks · China
689
+8
🇺🇸 Aztecs · United States
662
+9
🇹🇼 Inca · Taiwan
661
+9
🇧🇷 Huns · Brazil
534
-10
🇨🇳 Dravidians · China
511
-9
🇩🇰 Teutons · Denmark
457
-7
VTCachorrao
10:53 Feudal Age
11:09 Loom
12:07 Double-Bit Axe
16:12 Horse Collar
25:43 Castle Age
24:02 Forging
23:58 Scale Barding Armor
24:03 Stone Mining
24:04 Gold Mining
27:08 Bow Saw
fight for your rights
0:34 Loom
11:24 Feudal Age
11:50 Horse Collar
12:53 Double-Bit Axe
19:47 Wheelbarrow
19:49 Town Watch
24:02 Castle Age
25:01 Bow Saw
心念无我
12:03 Feudal Age
13:24 Wheelbarrow
12:38 Double-Bit Axe
12:42 Horse Collar
22:30 Castle Age
24:30 Hand Cart
24:07 Gold Mining
24:07 Stone Mining
24:20 Heavy Plow
24:34 Bow Saw
KaputLand6596
0:27 Loom
13:04 Feudal Age
17:12 Castle Age
15:14 Double-Bit Axe
15:22 Horse Collar
22:44 Heavy Plow
25:36 Wheelbarrow
26:01 Stone Mining
28:39 Hand Cart
J1un8
12:00 Feudal Age
19:13 Horse Collar
19:19 Double-Bit Axe
19:25 Gold Mining
19:25 Stone Mining
22:33 Castle Age
24:20 Heavy Plow
24:31 Bow Saw
24:44 Bow Saw
26:21 Stone Shaft Mining
28:28 Gold Shaft Mining
休闲海
11:09 Feudal Age
9:57 Loom
17:43 Castle Age
15:54 Double-Bit Axe
18:09 Light Cavalry
18:59 Scale Barding Armor
23:47 Bow Saw
26:31 Gold Mining
Connection lost

Rejoining the realm…

Still unreachable

The connection could not be restored.

Session expired

The server has moved on; the page needs a fresh start.